 Dungeon Crawl Stone Soup version 0.23.2-1-ga50397a (webtiles) character file.

Game seed: 1384721933651936684

36293 Kairos the Peltast (level 14, -1/108 HPs)
             Began as a Formicid Fighter on Apr 16, 2019.
             Was the Champion of Okawaru.
             Slain by a hippogriff (2 damage)
             ... while petrified by a basilisk
             ... on level 5 of the Lair of Beasts.
             The game lasted 00:48:13 (15892 turns).

Kairos the Peltast (Formicid Fighter)              Turns: 15892, Time: 00:48:13

Health: -1/108     AC: 13    Str: 36    XL:     14   Next: 23%
Magic:  17/17      EV:  2    Int: 12    God:    Okawaru [******]
Gold:   694        SH:  0    Dex: 10    Spells: 13/13 levels left

rFire    x . .     SeeInvis +   q - +9 staff of Olgreb {rPois}
rCold    . . .     Gourm    .   g - +0 large shield
rNeg     + + +     Faith    +   P - +0 scale mail of Objectivity {+Inv rF- Str+4 Int+4}
rPois    ∞         Spirit   .   (helmet unavailable)
rElec    +         Reflect  .   O - scarf {repulsion}
rCorr    .         Harm     .   C - +0 pair of gloves
MR       +....                  J - +2 pair of boots {Stlth+}
Stlth    +.........             m - amulet of faith
HPRegen  0.28/turn              n - +6 ring of strength
MPRegen  0.15/turn              U - ring "Ubocunn" {rElec EV+4}

@: petrified, marked, repel missiles
A: permanent stasis, dig shafts and tunnels, four strong arms, antennae 3
a: Dig, Shaft Self, Heroism, Finesse, Renounce Religion, Evoke Invisibility


You were on level 5 of the Lair of Beasts.
You worshipped Okawaru.
Okawaru was exalted by your worship.
You were full.

You visited 2 branches of the dungeon, and saw 16 of its levels.
You also visited: Gauntlet.

You collected 863 gold pieces.
You spent 169 gold pieces at shops.

Inventory:

Hand Weapons
 q - the +9 staff of Olgreb (weapon) {rPois}
   (You found it in a Gauntlet)

   It protects you from poison.
 v - a +5 quarterstaff of protection
 w - the +9 staff of Wucad Mu {channel}
   (Okawaru gifted it to you in a Gauntlet)
 x - the +7 quarterstaff of Heresy {flame, Dex+2}
   (Okawaru gifted it to you on level 4 of the Lair of Beasts)

   It has been specially enchanted to burn those struck by it, causing extra
   injury to most foes and up to half again as much damage against particularly
   susceptible opponents.
   It affects your dexterity (+2).
 G - the +7 quarterstaff of Diet Blood {antimagic, rElec Int+3 Stlth-}
   (Okawaru gifted it to you on level 4 of the Lair of Beasts)

   It reduces the magical energy of the wielder, and disrupts the spells and
   magical abilities of those hit.
   Natural abilities and divine invocations are not affected.
   It affects your intelligence (+3).
   It insulates you from electricity.
   It makes you less stealthy.
 K - a +0 quarterstaff of freezing
Missiles
 p - 3 silver tomahawks (quivered)
Armour
 e - a +3 chain mail of fire resistance
 g - a +0 large shield (worn)
 C - a +0 pair of gloves (worn)
 J - a +2 pair of boots of stealth (worn)
 O - a scarf of repulsion (worn)
 P - the +0 scale mail of Objectivity (worn) {+Inv rF- Str+4 Int+4}
   (Okawaru gifted it to you on level 1 of the Lair of Beasts)

   It affects your strength (+4).
   It affects your intelligence (+4).
   It makes you vulnerable to fire.
   It lets you turn invisible.
 Q - the +1 scale mail of Woskuw {*Corrode Str+3 Slay+2}
   (You found it on level 11 of the Dungeon)

   It affects your strength (+3).
   It affects your accuracy and damage with ranged weapons and melee attacks
   (+2).
   It may corrode you when you take damage.
 Z - a +4 scale mail of cold resistance
Jewellery
 h - an uncursed ring of protection from cold
 m - an amulet of faith (around neck)
 n - a +6 ring of strength (left hand)
 o - the ring "Oddatas" {rF+ Dex+5}
   (You found it on level 4 of the Lair of Beasts)

   [ring of protection from fire]

   It affects your dexterity (+5).
   It protects you from fire.
 u - an uncursed ring of poison resistance
 L - a +4 ring of strength
 U - the ring "Ubocunn" (right hand) {rElec EV+4}
   (You found it in a Gauntlet)

   [ring of evasion]

   It affects your evasion (+4).
   It insulates you from electricity.
Wands
 y - a wand of acid (5)
 z - a wand of random effects (29)
 A - a wand of scattershot (5)
 F - a wand of enslavement (2)
 V - a wand of iceblast (32)
 X - a wand of digging (12)
Scrolls
 c - 3 scrolls of immolation
 i - 6 scrolls of fear
 j - 5 scrolls of remove curse
 l - 3 scrolls of magic mapping
 t - a scroll of holy word
 B - 4 scrolls of amnesia
 D - a scroll of summoning
 H - 3 scrolls of fog
 S - 5 scrolls of enchant armour
Potions
 a - a potion of curing
 b - 3 potions of heal wounds
 d - 6 potions of might
 k - 3 potions of magic
 r - 2 potions of agility
 s - a potion of mutation
 E - 5 potions of brilliance
 M - a potion of lignification {unknown}
 N - a potion of resistance {unknown}
 R - a potion of flight {unknown}
 T - a potion of invisibility {unknown}
Miscellaneous
 I - a lightning rod (4/4)
 W - a box of beasts
 Y - a lamp of fire
Comestibles
 f - 32 rations


   Skills:
 + Level 9.6 Fighting
 + Level 13.7 Staves
 + Level 9.7 Armour
 + Level 5.5 Dodging
 + Level 2.0 Stealth
 - Level 15.0 Shields
 + Level 1.9 Invocations
 + Level 4.3 Evocations


You had 13 spell levels left.
You didn't know any spells.
Your spell library contained the following spells:

 Spells                   Type           Power        Failure   Level  Hunger
 Corona                   Hex            #......      50%         1    ##.....
 Magic Dart               Conj           #...         50%         1    ##.....
 Ensorcelled Hibernation  Hex/Ice        #.....       63%         2    ###....
 Poisonous Vapours        Pois/Air       #.....       63%         2    ###....
 Searing Ray              Conj           #.....       63%         2    ###....
 Confuse                  Hex            #.......     86%         3    ####...
 Dazzling Spray           Conj/Hex       #.....       86%         3    ####...
 Tukima's Dance           Hex            #.......     86%         3    ####...
 Force Lance              Conj/Tloc      #.......     99%         4    #####..
 Fulminant Prism          Conj/Hex       #.........   99%         4    #####..
 Ice Form                 Ice/Tmut       #.......     99%         4    #####..
 Iskenderun's Mystic Bla  Conj           #.......     99%         4    #####..
 Summon Lightning Spire   Summ/Air       #.......     99%         4    #####..
 Metabolic Englaciation   Hex/Ice        #.........   100%        5    ######.
 Silence                  Hex/Air        #.........   100%        5    ######.
 Bolt of Cold             Conj/Ice       #.........   100%        6    #######
 Deflect Missiles         Chrm/Air       #.........   100%        6    #######
 Freezing Cloud           Conj/Ice/Air   #.........   100%        6    #######
 Ozocubu's Refrigeration  Ice            #.........   100%        6    #######
 Simulacrum               Ice/Necr       #.........   100%        6    #######


Dungeon Overview and Level Annotations

Branches:
Dungeon (11/15)            Temple (0/1) D:5            Lair (5/6) D:11
 Shoals (0/4) Lair:3       Spider (0/4) Lair:2
  Slime: Lair:5-6       Orc: D:9-12

Altars:
Elyvilon
Gozag
Kikubaaqudgha
Nemelex Xobeh
Okawaru
Sif Muna
Trog
Wu Jian
Xom
Yredelemnul
The Shining One

Shops:
D:6 !

Annotations:
Lair:3 exclusion: 4 oklob plants


Innate Abilities, Weirdness & Mutations

You cannot be hasted, slowed, berserked, paralysed or teleported.
You can dig through walls and to a lower floor.
Your four strong arms can wield two-handed weapons with a shield.
You have a pair of large antennae on your head. (SInv)


Message History

The hippogriff claws you but does no damage.
The black mamba bites you but does no damage.
The porcupine bites you but does no damage.
The porcupine bites you.
* * * LOW HITPOINT WARNING * * *
The porcupine bites you.
* * * LOW HITPOINT WARNING * * *
The basilisk bites you.
* * * LOW HITPOINT WARNING * * *
The hippogriff bites you.
* * * LOW HITPOINT WARNING * * *
The hippogriff pecks you but does no damage.
The hippogriff claws you.
A spiny frog comes into view.
The black mamba bites you but does no damage.
The porcupine bites you but does no damage. x2
The black mamba bites you!
* * * LOW HITPOINT WARNING * * *
The porcupine barely misses you. The hippogriff bites you.
You die...

...+.... ..........
...#...# ............
....##.# ...........
......... .......PP P
........#. #.......#..
.......##.####.....#...
........#..#....t...#.
..........F....Hrl.#.#
.......P.....†lS@r..#
............#..r...##
......!.##..##.....##
........##..........#
......###..P.......#.#
.......................
..............†.........
........................
...................#..#


You could see a hippogriff, a black mamba, a spiny frog, 2 basilisks, a
crocodile and 3 porcupines.

Vanquished Creatures
  Rupert (Lair:3)
  The ghost of Lutiheq the Grappler, a journeyman DrTm of Wu Jian (Lair:4)
  A minotaur (Gauntlet)
  3 hydras
  Fannar (D:10)
  A two-headed ogre (D:10)
  A death yak (D:11)
  Urug (Lair:3)
  A slime creature (Gauntlet)
  Sonja (D:11)
  A fire crab (Gauntlet)
  An oklob plant (D:11)
  2 manticores
  An elephant (D:11)
  3 black mambas
  Joseph (D:7)
  9 spiny frogs
  2 torpor snails
  A kobold demonologist (D:11)
  2 komodo dragons (Lair:1)
  A rime drake (Lair:4)
  A demonic crawler (Lair:2)
  A queen bee (D:8)
  2 hornets (Gauntlet)
  5 blink frogs (Lair:4)
  9 dream sheep (Lair:4)
  Prince Ribbit (D:5)
  5 hippogriffs
  Sigmund (D:4)
  20 yaks
  4 fire bats (Gauntlet)
  A wyvern (D:11)
  5 basilisks
  8 water moccasins
  9 porcupines
  2 sky beasts
  4 orc warriors
  5 ice beasts
  2 black bears
  An ogre (D:6)
  2 phantoms
  2 necrophages
  7 centaurs
  12 crocodiles
  13 wolves
  14 bullfrogs
  A spiny frog simulacrum (Gauntlet)
  A wyvern skeleton (D:7)
  4 scorpions
  16 killer bees
  9 wights
  3 howler monkeys (D:4)
  2 centaur zombies
  7 crimson imps
  A quasit (D:11)
  A bullfrog zombie (D:4)
  11 hounds
  10 jellies
  6 orc priests
  A gnoll shaman (D:7)
  3 iguanas
  4 centaur skeletons
  4 orc wizards
  3 worker ants
  A killer bee zombie (D:6)
  A bullfrog simulacrum (Gauntlet)
  A centaur simulacrum (Gauntlet)
  4 hound skeletons
  Robin (D:3)
  15 gnolls
  12 adders
  2 shadow imps
  12 oozes
  2 adder skeletons
  4 worms
  6 leopard geckos
  38 orcs
  2 ball pythons
  5 giant cockroaches
  11 hobgoblins
  15 jackals
  7 kobolds
  4 quokkas
  A ball python skeleton (D:5)
  3 bats
  7 frilled lizards
  15 goblins
  4 rats
432 creatures vanquished.

Vanquished Creatures (others)
  A bullfrog zombie (D:11)
  12 demonic plants (Gauntlet)
  10 fungi
  7 plants
30 creatures vanquished.

Grand Total: 462 creatures vanquished

Notes
Turn   | Place    | Note
-------+----------+-------------------------------------------
     0 | D:1      | Kairos the Formicid Fighter began the quest for the Orb.
     0 | D:1      | Reached XP level 1. HP: 18/18 MP: 1/1
   124 | D:1      | Reached XP level 2. HP: 18/24 MP: 2/2
   476 | D:1      | Reached skill level 4 in Shields
   590 | D:1      | Reached XP level 3. HP: 29/29 MP: 3/3
  1114 | D:2      | Reached XP level 4. HP: 35/35 MP: 4/4
  1285 | D:2      | Found an ornate altar of the Wu Jian Council.
  1674 | D:2      | Reached skill level 5 in Shields
  1674 | D:2      | Reached XP level 5. HP: 41/41 MP: 5/5
  1799 | D:3      | Noticed Robin
  1820 | D:3      | Killed Robin
  2038 | D:3      | Found a shimmering altar of Xom.
  2038 | D:3      | Found a basalt altar of Yredelemnul.
  2597 | D:4      | Noticed a phantom
  2610 | D:4      | Killed a phantom
  2610 | D:4      | Reached skill level 1 in Dodging
  2610 | D:4      | Reached XP level 6. HP: 43/48 MP: 6/6
  2655 | D:4      | Noticed Sigmund
  2674 | D:4      | Killed Sigmund
  2674 | D:4      | Reached XP level 7. HP: 47/54 MP: 7/7
  2733 | D:4      | Reached skill level 6 in Shields
  2884 | D:4      | Reached skill level 5 in Staves
  2943 | D:4      | Found an iron altar of Okawaru.
  2960 | D:4      | Became a worshipper of Warmaster Okawaru
  3259 | D:5      | Entered Level 5 of the Dungeon
  3490 | D:5      | Reached XP level 8. HP: 52/61 MP: 8/8
  3561 | D:5      | Found a staircase to the Ecumenical Temple.
  3646 | D:5      | Noticed Prince Ribbit
  3681 | D:5      | Killed Prince Ribbit
  3681 | D:5      | Reached * piety under Okawaru
  3681 | D:5      | Reached skill level 7 in Shields
  3730 | D:5      | Found a transporter.
  3760 | D:5      | Found a transporter.
  3816 | D:5      | Found a deep blue altar of Sif Muna.
  3933 | D:5      | Reached skill level 5 in Armour
  4164 | D:5      | Identified the Disquisition on the Lucky Birds
  4261 | D:5      | Got an encrusted dagger
  4262 | D:5      | Identified the +3 dagger of Nemelex Xobeh's Hope {holy,
                  | *Contam +Rage rPois} (You found it on level 5 of the
                  | Dungeon)
  4402 | D:6      | Found a white marble altar of Elyvilon.
  4408 | D:6      | Reached skill level 8 in Shields
  4540 | D:6      | Reached ** piety under Okawaru
  4540 | D:6      | Reached XP level 9. HP: 49/67 MP: 9/9
  4577 | D:6      | Reached skill level 5 in Fighting
  4586 | D:6      | Found Oran's Distillery.
  4589 | D:6      | Bought a potion of mutation for 104 gold pieces
  4592 | D:6      | Bought a potion of heal wounds for 65 gold pieces
  5221 | D:7      | Noticed Joseph
  5247 | D:7      | Killed Joseph
  5247 | D:7      | Reached *** piety under Okawaru
  5247 | D:7      | Reached skill level 9 in Shields
  5286 | D:7      | Found an opulent altar of Gozag.
  5500 | D:7      | Found an ancient bone altar of Kikubaaqudgha.
  5501 | D:7      | Found a bloodstained altar of Trog.
  5602 | D:8      | Found a sparkling altar of Nemelex Xobeh.
  5694 | D:8      | Noticed a hippogriff
  5713 | D:7      | Reached **** piety under Okawaru
  5790 | D:8      | Found a glowing golden altar of the Shining One.
  5851 | D:8      | Reached XP level 10. HP: 68/74 MP: 10/10
  5960 | D:8      | Reached skill level 10 in Shields
  6342 | D:8      | Reached ***** piety under Okawaru
  7272 | D:9      | Reached skill level 1 in Stealth
  7859 | D:9      | Reached skill level 11 in Shields
  8003 | D:10     | Entered Level 10 of the Dungeon
  8053 | D:10     | Noticed Fannar
  8062 | D:10     | Killed Fannar
  8062 | D:10     | Reached XP level 11. HP: 67/83 MP: 11/11
  8461 | D:10     | Noticed a two-headed ogre
  8478 | D:10     | Killed a two-headed ogre
  8478 | D:10     | Reached skill level 10 in Staves
  8649 | D:10     | Noticed a manticore
  8661 | D:10     | Killed a manticore
  8661 | D:10     | Received a gift from Okawaru
  8661 | D:10     | Reached skill level 1 in Evocations
  9219 | D:11     | Noticed Sonja
  9264 | D:11     | Found a staircase to the Lair.
  9264 | D:11     | Noticed an elephant
  9264 | D:11     | Noticed a death yak
  9300 | D:11     | Killed a death yak
  9300 | D:11     | Reached ****** piety under Okawaru
  9306 | D:11     | Reached skill level 12 in Shields
  9323 | D:11     | Killed an elephant
  9323 | D:11     | Received a gift from Okawaru
  9375 | D:11     | Killed Sonja
  9429 | D:11     | Got a steaming scale mail
  9463 | D:11     | Identified the +1 scale mail of Woskuw {*Corrode Str+3
                  | Slay+2} (You found it on level 11 of the Dungeon)
  9592 | D:11     | Noticed a manticore
  9601 | D:11     | Killed a manticore
  9928 | D:11     | Noticed a manticore
  9928 | D:11     | Noticed a cyclops
 10055 | D:11     | Noticed an oklob plant
 10211 | D:11     | Reached XP level 12. HP: 66/91 MP: 11/13
 11248 | Lair:1   | Entered Level 1 of the Lair of Beasts
 11395 | Lair:1   | Noticed a four-headed hydra
 11416 | Lair:1   | Killed a four-headed hydra
 11426 | Lair:1   | Reached skill level 13 in Shields
 11492 | Lair:1   | Noticed a six-headed hydra
 11502 | Lair:1   | Killed a six-headed hydra
 11509 | Lair:1   | Received a gift from Okawaru
 11591 | Lair:1   | Reached skill level 1 in Invocations
 11998 | Lair:1   | Received a gift from Okawaru
 12001 | Lair:1   | Got a slimy scale mail {god gift}
 12012 | Lair:1   | Identified the +0 scale mail of Objectivity {+Inv rF- Str+4
                  | Int+4} (Okawaru gifted it to you on level 1 of the Lair of
                  | Beasts)
 12293 | Lair:2   | Found a hole to the Spider Nest.
 12309 | Lair:2   | Noticed a five-headed hydra
 12325 | Lair:2   | Killed a five-headed hydra
 12788 | Lair:2   | Reached XP level 13. HP: 82/99 MP: 14/14
 13078 | Lair:3   | Noticed Rupert
 13114 | Lair:3   | Killed Rupert
 13114 | Lair:3   | Reached skill level 14 in Shields
 13148 | Lair:3   | Found a staircase to the Shoals.
 13375 | Lair:3   | Received a gift from Okawaru
 13628 | Lair:3   | Noticed Urug
 13775 | Lair:3   | Killed Urug
 13865 | Lair:4   | Found a gate leading to a gauntlet.
 13879 | Lair:4   | Got a brightly glowing amber ring
 13881 | Lair:4   | Identified the ring "Oddatas" {rF+ Dex+5} (You found it on
                  | level 4 of the Lair of Beasts)
 13901 | Lair:4   | Received a gift from Okawaru
 13912 | Lair:4   | Got a slimy quarterstaff {god gift}
 13913 | Lair:4   | Identified the +7 quarterstaff of Heresy {flame, Dex+2}
                  | (Okawaru gifted it to you on level 4 of the Lair of Beasts)
 13991 | Gauntlet | Entered a Gauntlet
 13991 | Gauntlet | Found a transporter.
 13991 | Gauntlet | Found a transporter.
 13991 | Gauntlet | Noticed a green death
 13995 | Gauntlet | Found a transporter.
 13996 | Gauntlet | Found a transporter.
 13999 | Gauntlet | Found a transporter.
 14007 | Gauntlet | Found a transporter.
 14013 | Gauntlet | Found a transporter.
 14015 | Gauntlet | Found a transporter.
 14028 | Gauntlet | Found a transporter.
 14028 | Gauntlet | Found a transporter.
 14106 | Gauntlet | Found a transporter.
 14117 | Gauntlet | Found the +9 staff of Olgreb {rPois}
 14130 | Gauntlet | Found a transporter.
 14581 | Gauntlet | Received a gift from Okawaru
 14582 | Gauntlet | Found the +9 staff of Wucad Mu {channel}
 14695 | Gauntlet | Noticed a minotaur
 14718 | Gauntlet | Killed a minotaur
 14718 | Gauntlet | Reached skill level 5 in Dodging
 14733 | Gauntlet | Got a slimy glass ring
 14735 | Gauntlet | Identified the ring "Ubocunn" {rElec EV+4} (You found it in
                  | a Gauntlet)
 15046 | Lair:4   | Reached XP level 14. HP: 83/108 MP: 17/17
 15260 | Lair:4   | Found a transporter.
 15265 | Lair:4   | Noticed Lutiheq's ghost (journeyman DrTm)
 15290 | Lair:4   | Found a transporter.
 15645 | Lair:4   | Killed Lutiheq's ghost
 15645 | Lair:4   | Received a gift from Okawaru
 15645 | Lair:4   | Reached skill level 15 in Shields
 15670 | Lair:4   | Got a polished quarterstaff {god gift}
 15671 | Lair:4   | Identified the +7 quarterstaff of Diet Blood {antimagic,
                  | rElec Int+3 Stlth-} (Okawaru gifted it to you on level 4 of
                  | the Lair of Beasts)
 15891 | Lair:5   | HP: 5/108 [basilisk (3)]
 15892 | Lair:5   | HP: 1/108 [black mamba (3)]
 15892 | Lair:5   | Slain by a hippogriff

Skill      XL: |  1  2  3  4  5  6  7  8  9 10 11 12 13 14 |
---------------+-------------------------------------------+-----
Shields        | 4 5 6 8 9 11 12 13 14 15 | 15.0
Staves         | 3 4 5 6 8 9 11 12 13 | 13.7
Fighting       | 4 5 6 7 8 9 |  9.6
Dodging        | 1 2 3 4 5 |  5.5
Armour         | 4 5 6 7 8 9 |  9.7
Stealth        | 1 2 |  2.0
Evocations     | 2 4 |  4.3
Invocations    | 1 |  1.9

Action                   |  1- 3 |  4- 6 |  7- 9 | 10-12 | 13-15 || total
-------------------------+-------+-------+-------+-------+-------++-------
Melee: Quarterstaff      |   139 |   165 |   437 |   890 |   203 ||  1834
       Staff             |       |       |       |       |   223 ||   223
Invok: Heroism           |       |       |       |     9 |    11 ||    20
 Abil: Dig               |       |     2 |       |    10 |     2 ||    14
       Evoke Invisibilit |       |       |       |     1 |       ||     1
Evoke: Lightning rod     |       |       |       |     5 |     4 ||     9
       Wand              |       |       |       |    10 |    22 ||    32
  Use: Scroll            |     1 |     6 |     9 |     3 |     7 ||    26
       Potion            |       |     2 |       |     1 |       ||     3
 Stab: Invisible         |       |       |       |     1 |       ||     1
  Eat: Chunk             |       |     6 |     7 |    21 |     2 ||    36
       Ration            |       |       |     1 |     1 |     4 ||     6
Armor: Scale mail        |    39 |    47 |    13 |    68 |    50 ||   217
       Chain mail        |       |       |   119 |   111 |       ||   230
       Ring mail         |       |       |       |       |     8 ||     8
Dodge: Dodged            |    34 |    31 |    75 |   147 |    87 ||   374
       Deflected         |       |       |       |     3 |     1 ||     4
Block: Shield            |    26 |       |       |       |       ||    26
       Large shield      |    91 |   115 |   390 |   734 |   330 ||  1660
